 Dungeon Crawl Stone Soup version 0.28.0 (webtiles) character file.

Game seed: 1591660452982883912

166006 GordonOverkill the Frost Mage (level 17, -10/93 HPs)
             Began as a Spriggan Ice Elementalist on Feb 11, 2022.
             Was a High Priest of Vehumet.
             Killed from afar by Jorgrun (59 damage)
             ... with an iron shot
             ... on level 1 of the Snake Pit.
             The game lasted 02:57:26 (65099 turns).

GordonOverkill the Frost Mage (SpIE)               Turns: 65099, Time: 02:57:27

Health: -10/93     AC:  6    Str:  4    XL:     17   Next: 3%
Magic:  16/34      EV: 14    Int: 25    God:    Vehumet [*****.]
Gold:   2141       SH:  0    Dex: 17    Spells: 5/40 levels left

rFire   + . .      SeeInvis +   a - +1 rapier (venom)
rCold   + . .      Faith    .   (no shield)
rNeg    . . .      Spirit   .   D - +1 steam dragon scales
rPois   +          Reflect  .   (helmet restricted)
rElec   +          Harm     .   Y - scarf {rC+ rF+}
rCorr   .          Rampage  .   (gloves unavailable)
Will    +++..                   (boots unavailable)
Stlth   +++.......              A - amulet of magic regeneration
HPRegen 0.25/turn               k - ring "Syin" {rElec rPois Int+2 SInv}
MPRegen 0.64/turn               d - ring of willpower

@: brilliant, grasped by roots, unable to drink, constricted, very quick
A: very small, no large weapons, unfitting armour, see invisible, speed 3
}: 1/15 runes: decaying
a: Renounce Religion


You were on level 1 of the Snake Pit.
You worshipped Vehumet.
Vehumet was extremely pleased with you.
You visited 6 branches of the dungeon, and saw 29 of its levels.
You also visited: Ossuary.

You collected 2986 gold pieces.
You spent 845 gold pieces at shops.

Inventory:

Hand Weapons
 a - a +1 rapier of venom (weapon)
 b - the +2 war axe of Yxzuff {flame, rF+++ rC+ Will- Int+4}
   (You found it on level 14 of the Dungeon)

   It burns those it strikes, dealing additional fire damage.
   Big, fiery blades are also staple armaments of hydra-hunters.
   Int:       It affects your intelligence (+4).
   rF:        It renders you almost immune to fire.
   rC:        It protects you from cold.
   Will:      It decreases your willpower.
 J - a +8 dagger of speed
Missiles
 R - 3 curare-tipped darts
Armour
 q - a +0 buckler
 s - the +0 robe of Epoghagiant {rPois rC+++ Dex-2 Stlth+}
   (You found it on level 5 of the Dungeon)

   Dex:       It affects your dexterity (-2).
   rC:        It renders you almost immune to cold.
   rPois:     It protects you from poison.
   Stlth:     It makes you more stealthy.
 D - +1 steam dragon scales (worn)
 P - a +0 robe of the Archmagi
 Y - a scarf of resistance (worn)
Magical Staves
 e - a staff of conjuration
Jewellery
 d - a ring of willpower (right hand)
 f - a ring of wizardry {$}
 k - the ring "Syin" (left hand) {rElec rPois Int+2 SInv}
   (You found it on level 6 of the Lair of Beasts)

   [ring of see invisible]

   Int:       It affects your intelligence (+2).
   rElec:     It insulates you from electricity.
   rPois:     It protects you from poison.
   SInv:      It lets you see invisible.
 r - a ring of ice
 u - a ring of fire
 A - an amulet of magic regeneration (around neck)
 Q - the ring "Ygoyvu" {rC+ AC+4}
   (You found it on level 5 of the Lair of Beasts)

   [ring of protection]

   AC:        It affects your AC (+4).
   rC:        It protects you from cold.
 T - a ring of flight
 X - a +4 ring of evasion
Wands
 c - a wand of flame (10)
 p - a wand of paralysis (3)
 t - a wand of acid (8)
 y - a wand of iceblast (17)
 C - a wand of digging (4)
 M - a wand of mindburst (11)
 V - a wand of polymorph (26)
Scrolls
 g - a scroll of blinking
 i - 3 scrolls of magic mapping
 l - 8 scrolls of identify
 n - 4 scrolls of immolation
 x - 2 scrolls of silence
 z - a scroll of enchant armour
 E - 8 scrolls of teleportation
 F - 4 scrolls of amnesia
 G - 5 scrolls of fog
 K - 2 scrolls of holy word
 S - 2 scrolls of brand weapon
Potions
 h - 2 potions of haste
 m - a potion of brilliance
 o - 3 potions of might
 w - 8 potions of ambrosia
 B - 8 potions of curing
 H - 2 potions of cancellation
 I - 5 potions of flight
 L - a potion of berserk rage
 N - 2 potions of magic
 O - 6 potions of heal wounds
 U - 2 potions of mutation
 Z - 2 potions of lignification {unknown}
Miscellaneous
 j - a phantom mirror (inert)
 v - a box of beasts


   Skills:
 + Level 11.8 Fighting
 - Level 2.6 Dodging
 - Level 6.0 Stealth
 - Level 10.0 Shields
 - Level 12.0 Spellcasting
 - Level 8.0 Conjurations
 + Level 14.5 Ice Magic
 - Level 6.0 Air Magic
 - Level 10.0 Earth Magic
 - Level 5.0 Evocations


You had 5 spell levels left.
You knew the following spells:

 Your Spells              Type           Power      Damage    Failure   Level
a - Freeze                Ice            100%       1d11      0%          1
b - Frozen Ramparts       Ice            100%       1d12      1%          3
c - Ozocubu's Armour      Ice            93%        N/A       1%          3
d - Hailstorm             Conj/Ice       82%        3d17      1%          4
e - Iron Shot             Conj/Erth      37%        9d7       4%          6
f - Ozocubu's Refrigerat  Ice            46%        4d14      2%          7
g - Conjure Ball Lightni  Conj/Air       33%        3x3d11    10%         6
h - Freezing Cloud        Conj/Ice/Air   38%        6-21      1%          5

Your spell library contained the following spells:

 Spells                   Type           Power      Damage    Failure   Level
 Spellforged Servitor     Conj/Summ      25%        N/A       82%         7
 Magic Dart               Conj           100%       1d8       1%          1
 Corpse Rot               Necr/Air       90%        N/A       1%          2
 Ensorcelled Hibernation  Hex/Ice        100%       N/A       1%          2
 Passwall                 Tmut/Erth      46%        N/A       1%          2
 Mephitic Cloud           Conj/Pois/Air  55%        N/A       1%          3
 Swiftness                Air            61%        N/A       1%          3
 Summon Ice Beast         Ice/Summ       67%        N/A       1%          4
 Animate Armour           Summ/Erth      100%       N/A       4%          4
 Leda's Liquefaction      Hex/Erth       28%        N/A       4%          4
 Call Imp                 Summ           22%        N/A       6%          2
 Call Canine Familiar     Summ           22%        N/A       12%         3
 Portal Projectile        Hex/Tloc       44%        N/A       12%         3
 Dispel Undead            Necr           22%        3d12      36%         4
 Blade Hands              Tmut           11%        N/A       73%         5
 Summon Mana Viper        Hex/Summ       22%        N/A       73%         5
 Death Channel            Necr           11%        N/A       99%         6
 Monstrous Menagerie      Summ           11%        N/A       100%        7


Dungeon Overview and Level Annotations

Branches:
Dungeon (15/15)            Temple (1/1) D:7            Lair (6/6) D:8
  Swamp (4/4) Lair:3        Snake (1/4) Lair:4        Slime (0/5) Lair:6
    Orc (2/2) D:10            Elf (0/3) Orc:2        Vaults (0/5) D:14
 Depths (0/4) D:15        Ossuary (visited)

Altars:
Ashenzari
Cheibriados
Dithmenos
Fedhas
Gozag
Hepliaklqana
Kikubaaqudgha
Makhleb
Nemelex Xobeh
Okawaru
Qazlal
Ru
Sif Muna
Trog
Uskayaw
Vehumet
Wu Jian
Xom
Yredelemnul
The Shining One
Beogh
Jiyva

Shops:
D:15 =   Orc:2 =*[(

Annotations:
D:3 exclusion: door
D:4 exclusion: door
D:13 exclusions: boulder beetle and 2 centaurs
Lair:1 exclusion: oklob plant
Lair:6 1 runed translucent door
Snake:1 Jorgrun


Innate Abilities, Weirdness & Mutations

You are very small and have problems with some larger weapons.
You are too small for most types of armour.
You have supernaturally acute eyesight. (SInv)
You cover ground extremely quickly. (Speed+++)


Message History

Casting: Ozocubu's Refrigeration (dangerous; 2% risk of failure)
Confirm with . or Enter, or press ? or * to list all spells.
You feel a surge of power!
The heat is drained from your surroundings.
You feel very cold.
The plant, the fungus and Jorgrun are frozen.
The plant is severely damaged.
The fungus is severely damaged.
Jorgrun resists.
Jorgrun is lightly wounded.
A nearby plant withers and dies.
A nearby fungus withers and dies.
Jorgrun points at you and mumbles some strange words.
Roots burst forth from the earth!
The grasping roots grab you! The grasping roots constrict you!
A naga warrior comes into view. It is wielding a +0 trident.
Unknown command.
Casting: Ozocubu's Refrigeration (dangerous; 2% risk of failure)
Confirm with . or Enter, or press ? or * to list all spells.
Aiming: Freezing Cloud (mildly dangerous; 1% risk of failure)
Press: ? - help, Dir - move target You feel a surge of power!
The naga warrior shouts!
Jorgrun is engulfed in freezing vapours.
The grasping roots constrict you!!
Casting: Freezing Cloud (mildly dangerous; 1% risk of failure)
Confirm with . or Enter, or press ? or * to list all spells.
You feel a surge of power!
The heat is drained from your surroundings.
You feel very cold.
Jorgrun and the naga warrior are frozen.
Jorgrun resists.
Jorgrun is moderately wounded.
The naga warrior is moderately wounded.
Jorgrun is engulfed in freezing vapours.
The grasping roots constrict you!
* * * LOW HITPOINT WARNING * * *
Jorgrun is engulfed in freezing vapours.
Jorgrun points at you and mumbles some strange words.
The iron shot hits you!!!
Ouch! That really hurt!
You die...

.......).........#......
#......................§
##........>..##....§§§§.
##...........#..#...§§#N
............#.#."...g§§.
....#......÷....#÷......
...##..#......##........
..##....#...........(...
.##....###......@.......
....#.###.##............
........................
........................
.##.#..#..).............
..........#.............
........##....#...##....
......###....###..# ....
.....## ....# ..#


You could see Jorgrun and a naga warrior.

Vanquished Creatures
  A thorn hunter (Swamp:4)
  An orc warlord (Orc:2)
  Aizul (Snake:1)
  2 very ugly things (Swamp:4)
  2 bunyips
  An eleionoma (Swamp:1)
  2 green deaths (Swamp:4)
  Snorg (Lair:5)
  An ettin (D:15)
  A fire dragon (Lair:6)
  19 hydras
  4 boulder beetles
  8 vault guards (D:14)
  A ghost crab (Swamp:4)
  An anaconda (Snake:1)
  2 naga warriors (Snake:1)
  3 centaur warriors
  3 two-headed ogres
  A catoblepas (D:15)
  11 alligators
  2 tengu warriors (D:15)
  6 orc high priests
  A thrashing horror (Swamp:4)
  A naga sharpshooter (Snake:1)
  A shock serpent (Snake:1)
  Nergalle (D:11)
  A fire crab (Lair:6)
  9 spriggans
  5 skeletal warriors (D:15)
  2 spriggan druids
  11 bog bodies
  7 goliath frogs
  Pikel (D:4)
  6 swamp dragons
  6 orc knights
  2 necromancers (D:15)
  A lindwurm (Lair:6)
  3 mana vipers
  13 ugly things
  5 orc sorcerers (Orc:2)
  A will-o-the-wisp (Swamp:4)
  5 cyclopes
  A salamander (Snake:1)
  11 elephants
  3 naga magi (Snake:1)
  An orange demon (Swamp:4)
  3 manticores
  14 cane toads
  2 ice statues (Swamp:2)
  11 black mambas
  A large abomination (Swamp:4)
  A gargoyle (D:13)
  2 kobold demonologists (D:13)
  6 torpor snails
  An unseen horror (D:11)
  5 rime drakes
  12 komodo dragons
  2 freezing wraiths (D:14)
  A bloated husk (Swamp:1)
  A queen bee (D:14)
  3 meliai (D:14)
  4 trolls
  2 polar bears
  6 tyrant leeches
  16 hornets
  13 blink frogs
  30 slime creatures
  A snapping turtle (shapeshifter) (D:14)
  3 wraiths
  Eustachio (D:6)
  4 shadows (Swamp:4)
  A vampire (D:14)
  51 yaks
  A spriggan (shapeshifter) (D:15)
  5 basilisks
  4 wyverns
  A redback simulacrum (D:15)
  3 steam dragons
  A warg (Orc:1)
  11 swamp worms
  9 nagas
  Edmund (D:4)
  11 water moccasins
  An acid dragon (D:12)
  A swamp drake (Lair:6)
  4 black bears (D:8)
  2 ice beasts
  A hornet zombie (D:7)
  42 orc warriors
  A sky beast (D:8)
  4 ogres
  28 wolves
  5 centaurs
  A lemure (D:4)
  8 kobold brigands
  4 phantoms (D:5)
  16 bullfrogs
  4 elf zombies (Ossuary)
  Blork the orc (D:4)
  3 scorpions
  A wyvern skeleton (D:7)
  A water moccasin skeleton (D:6)
  35 killer bees
  2 howler monkeys
  7 wights
  2 electric eels (D:13)
  3 bullfrog zombies
  6 centaur zombies
  2 hounds
  6 jellies
  A gnoll shaman (D:8)
  A human zombie (Ossuary)
  29 orc priests
  A bullfrog skeleton (D:5)
  Ijyb (D:3)
  9 iguanas
  Natasha (thrice) (D:4)
  39 orc wizards
  A scorpion zombie (D:5)
  2 killer bee zombies
  A hound zombie (Ossuary)
  The ghost of hotpinklipstick the Firebug, a weakling DEFE (D:4)
  3 mummies (Ossuary)
  2 howler monkey zombies
  22 gnolls
  10 adders
  2 white imps
  2 adder skeletons (D:4)
  3 adder zombies (Ossuary)
  4 dart slugs
  121 orcs
  6 bats
  10 endoplasms
  2 giant cockroaches
  8 goblins
  8 hobgoblins
  4 jackals (D:1)
  8 quokkas
  3 ball pythons
  3 frilled lizards
  3 gnoll zombies (Ossuary)
  6 goblin zombies (Ossuary)
  3 hobgoblin zombies (Ossuary)
  A jackal zombie (Ossuary)
  43 kobolds
  3 kobold zombies (Ossuary)
  An orc zombie (Ossuary)
  A quokka zombie (Ossuary)
  A rat (D:2)
  5 rat zombies (Ossuary)
  51 briar patches (Swamp:4)
1035 creatures vanquished.

Vanquished Creatures (collateral kills)
  the Lernaean hydra (Swamp:4)
  6 ball lightnings
7 creatures vanquished.

Vanquished Creatures (others)
  30 ball lightnings
  113 fungi
  140 plants
  12 toadstools (D:8)
295 creatures vanquished.

Grand Total: 1337 creatures vanquished

Notes
Turn   | Place    | Note
-------+----------+-------------------------------------------
     0 | D:1      | GordonOverkill the Spriggan Ice Elementalist began the
                  | quest for the Orb.
     0 | D:1      | Reached XP level 1. HP: 9/9 MP: 5/5
   410 | D:1      | Reached XP level 2. HP: 13/13 MP: 4/7
   825 | D:1      | Found a faded altar of an unknown god.
   932 | D:1      | Reached XP level 3. HP: 16/16 MP: 6/8
  1042 | D:1      | Learned a level 3 spell: Frozen Ramparts
  2036 | D:2      | Reached XP level 4. HP: 17/21 MP: 6/10
  2643 | D:3      | Identified the +0 spear of the Blowfly {vorpal, rElec rN++
                  | Str+4 Int-3}
  2718 | D:3      | Found a snail-covered altar of Cheibriados.
  2811 | D:3      | Learned a level 3 spell: Ozocubu's Armour
  2878 | D:3      | Reached skill level 5 in Stealth
  2878 | D:3      | Reached skill level 4 in Ice Magic
  2923 | D:3      | Learned a level 4 spell: Hailstorm
  2968 | D:3      | Found a hazy altar of Hepliaklqana.
  2969 | D:3      | Found a shimmering altar of Xom.
  2970 | D:3      | Noticed a spectral ugly thing
  3049 | D:3      | Reached XP level 5. HP: 20/24 MP: 7/12
  3337 | D:3      | Found a burning altar of Makhleb.
  3384 | D:3      | Noticed Ijyb
  3396 | D:3      | Killed Ijyb
  3881 | D:4      | Noticed hotpinklipstick's ghost (weakling DEFE)
  3896 | D:4      | Found a blossoming altar of Fedhas.
  4095 | D:4      | Noticed a lemure
  4096 | D:4      | Noticed Pikel
  4112 | D:4      | Killed a lemure
  4209 | D:4      | Noticed a lemure
  4239 | D:4      | Killed Pikel
  4240 | D:4      | Reached skill level 1 in Fighting
  4240 | D:4      | Reached skill level 5 in Spellcasting
  4240 | D:4      | Reached skill level 1 in Conjurations
  4240 | D:4      | Reached XP level 6. HP: 14/30 MP: 3/15
  4240 | D:4      | Reached XP level 7. HP: 16/34 MP: 3/16
  4511 | D:4      | Found a runed translucent door.
  4881 | D:4      | Noticed Edmund
  4899 | D:4      | Killed Edmund
  4900 | D:4      | Reached skill level 5 in Ice Magic
  5773 | D:4      | Reached XP level 8. HP: 39/39 MP: 14/18
  6010 | D:4      | Noticed Blork the orc
  6104 | D:4      | Noticed Natasha
  6131 | D:4      | Killed Natasha
  6293 | D:4      | Killed Blork the orc
  6404 | D:4      | Noticed Natasha
  6416 | D:4      | Killed Natasha
  6871 | D:4      | Noticed Natasha
  6883 | D:4      | Killed Natasha
  7099 | D:4      | Killed hotpinklipstick's ghost
  7180 | D:5      | Entered Level 5 of the Dungeon
  7351 | D:5      | Identified the +0 robe of Epoghagiant {rPois rC+++ Dex-2
                  | Stlth+}
  8904 | D:5      | Reached skill level 6 in Ice Magic
  9698 | D:5      | Reached XP level 9. HP: 44/44 MP: 16/21
 10045 | D:5      | Found an ornate altar of the Wu Jian Council.
 10986 | D:6      | Found a sacrificial altar of Ru.
 10987 | D:6      | Found a shadowy altar of Dithmenos.
 11069 | D:6      | Reached skill level 1 in Earth Magic
 11966 | D:6      | Noticed Eustachio
 11975 | D:6      | Killed Eustachio
 12576 | D:7      | Noticed a +0 dagger
 12578 | D:7      | Noticed a +0 dagger
 12579 | D:7      | Found a hide-covered altar of Uskayaw.
 13940 | D:7      | Found a staircase to the Ecumenical Temple.
 14128 | Temple   | Entered the Ecumenical Temple
 14155 | Temple   | Became a worshipper of Vehumet
 14214 | D:7      | Found a sparkling altar of Nemelex Xobeh.
 14538 | D:8      | Reached skill level 7 in Ice Magic
 14589 | D:8      | Reached skill level 5 in Conjurations
 14695 | D:8      | Found a sand-covered staircase.
 14700 | Ossuary  | Entered an ossuary
 14774 | Ossuary  | Reached XP level 10. HP: 43/51 MP: 23/23
 14964 | Ossuary  | Reached skill level 5 in Fighting
 15296 | Ossuary  | Reached * piety under Vehumet
 15296 | Ossuary  | Offered knowledge of Shock by Vehumet.
 15837 | D:8      | Noticed a four-headed hydra
 15847 | D:8      | Killed a four-headed hydra
 15848 | D:8      | Reached skill level 5 in Earth Magic
 16409 | D:8      | Found a staircase to the Lair.
 16890 | D:8      | Reached ** piety under Vehumet
 16890 | D:8      | Offered knowledge of Sandblast by Vehumet.
 17172 | D:8      | Reached skill level 5 in Evocations
 19260 | D:9      | Noticed a two-headed ogre
 19278 | D:9      | Killed a two-headed ogre
 19279 | D:9      | Reached XP level 11. HP: 56/56 MP: 5/25
 20022 | D:10     | Entered Level 10 of the Dungeon
 20468 | D:10     | Offered knowledge of Ignite Poison by Vehumet.
 20623 | D:10     | Reached skill level 1 in Shields
 20788 | D:10     | Reached *** piety under Vehumet
 21284 | D:10     | Offered knowledge of Fulminant Prism by Vehumet.
 21419 | D:10     | Found a staircase to the Orcish Mines.
 21614 | D:10     | Reached skill level 10 in Spellcasting
 21947 | D:10     | Reached **** piety under Vehumet
 22042 | D:10     | Found an opulent altar of Gozag.
 22928 | D:10     | Offered knowledge of Flame Wave by Vehumet.
 23042 | D:10     | Found a basalt altar of Yredelemnul.
 23105 | D:11     | Noticed Nergalle
 23105 | D:11     | Noticed a two-headed ogre
 23420 | D:11     | Killed Nergalle
 23622 | D:11     | Killed a two-headed ogre
 23760 | D:11     | Reached skill level 8 in Ice Magic
 24542 | D:11     | Found an iron altar of Okawaru.
 24792 | D:11     | Noticed a centaur warrior
 24840 | D:10     | Learned a level 6 spell: Iron Shot
 24957 | Lair:1   | Entered Level 1 of the Lair of Beasts
 25325 | Lair:1   | Found an iron altar of Okawaru.
 25578 | Lair:1   | Noticed an oklob plant
 25654 | Lair:1   | Reached XP level 12. HP: 63/63 MP: 11/27
 25895 | Lair:1   | Noticed a five-headed hydra
 25912 | Lair:1   | Killed a five-headed hydra
 27441 | Lair:1   | Found a glowing golden altar of the Shining One.
 28639 | Lair:2   | Identified the +6 chain mail of Vlad {rC- rCorr MP+9
                  | Stlth+}
 29027 | Lair:2   | Reached skill level 5 in Shields
 29221 | Lair:2   | Reached ***** piety under Vehumet
 30040 | Lair:3   | Noticed a six-headed hydra
 30054 | Lair:3   | Killed a six-headed hydra
 30054 | Lair:3   | Offered knowledge of Ozocubu's Refrigeration by Vehumet.
 30140 | Lair:3   | Learned a level 7 spell: Ozocubu's Refrigeration
 30763 | Lair:3   | Reached XP level 13. HP: 69/69 MP: 2/28
 31724 | Lair:3   | Found a staircase to the Swamp.
 32170 | Lair:4   | Found the +4 moon troll leather armour {Spirit, Regen++
                  | MP+5}
 33960 | Lair:4   | Reached skill level 10 in Earth Magic
 34127 | Lair:4   | Found a staircase to the Snake Pit.
 34965 | Lair:5   | Noticed Snorg
 35097 | Lair:5   | Killed Snorg
 37140 | Lair:5   | Identified the ring "Ygoyvu" {rC+ AC+4}
 38712 | Lair:6   | Entered Level 6 of the Lair of Beasts
 38712 | Lair:6   | Found a viscous altar of Jiyva.
 38715 | Lair:6   | Found a staircase to the Slime Pits.
 40996 | Lair:6   | Reached XP level 14. HP: 76/76 MP: 7/29
 42572 | Lair:6   | Offered knowledge of Yara's Violent Unravelling by Vehumet.
 43829 | Lair:6   | Found a runed translucent door.
 44121 | Lair:6   | Reached skill level 10 in Fighting
 44207 | Lair:6   | Reached skill level 9 in Ice Magic
 45379 | Lair:6   | Identified the ring "Syin" {rElec rPois Int+2 SInv}
 48266 | D:12     | Reached skill level 10 in Ice Magic
 50241 | D:14     | Reached skill level 11 in Ice Magic
 50688 | D:14     | Identified the +2 war axe of Yxzuff {flame, rF+++ rC+ Will-
                  | Int+4}
 51444 | D:14     | Found a gate to the Vaults.
 51450 | D:14     | Reached skill level 12 in Ice Magic
 51450 | D:14     | Reached XP level 15. HP: 78/80 MP: 16/32
 52258 | D:14     | Offered knowledge of Conjure Ball Lightning by Vehumet.
 52266 | D:14     | Learned a level 6 spell: Conjure Ball Lightning
 52913 | D:14     | Found a gate to the Vaults.
 53475 | D:15     | Entered Level 15 of the Dungeon
 53500 | D:15     | Reached skill level 1 in Air Magic
 53589 | D:15     | Found Bangeskir's Jewellery Emporium.
 53595 | D:15     | Bought an amulet of magic regeneration for 390 gold pieces
 54771 | D:15     | Found a staircase to the Depths.
 55436 | Orc:1    | Entered Level 1 of the Orcish Mines
 56521 | Orc:2    | Entered Level 2 of the Orcish Mines
 56655 | Orc:2    | Offered knowledge of Freezing Cloud by Vehumet.
 56758 | Orc:2    | Learned a level 5 spell: Freezing Cloud
 57083 | Orc:2    | Found a staircase to the Elven Halls.
 57993 | Orc:2    | Reached skill level 5 in Air Magic
 58018 | Orc:2    | Reached skill level 13 in Ice Magic
 58140 | Orc:2    | Offered knowledge of Lee's Rapid Deconstruction by Vehumet.
 58516 | Orc:2    | Noticed an orc warlord
 58533 | Orc:2    | Killed an orc warlord
 58624 | Orc:2    | Found Caror's Antique Armour Shoppe.
 58624 | Orc:2    | Found Vorefuabb's Antique Weapon Shoppe.
 58626 | Orc:2    | Found Uporishy's General Store.
 58626 | Orc:2    | Found Toruehit's Jewellery Emporium.
 58651 | Orc:2    | Bought a potion of curing for 39 gold pieces
 58651 | Orc:2    | Bought a potion of ambrosia for 104 gold pieces
 58651 | Orc:2    | Bought a potion of mutation for 104 gold pieces
 58651 | Orc:2    | Bought a wand of digging (4) for 208 gold pieces
 59014 | Snake:1  | Entered Level 1 of the Snake Pit
 59750 | Snake:1  | Noticed Aizul
 60058 | Swamp:1  | Entered Level 1 of the Swamp
 60080 | Swamp:1  | Reached XP level 16. HP: 85/85 MP: 27/33
 61607 | Swamp:2  | Found a frozen archway.
 62012 | Swamp:2  | Found a radiant altar of Vehumet.
 63412 | Swamp:4  | Entered Level 4 of the Swamp
 63434 | Swamp:4  | Noticed a thorn hunter
 63439 | Swamp:4  | Killed a thorn hunter
 63934 | Swamp:4  | Reached skill level 14 in Ice Magic
 64297 | Swamp:4  | Reached skill level 10 in Shields
 64496 | Swamp:4  | Noticed the 27-headed Lernaean hydra
 64497 | Swamp:4  | Killed the 27-headed Lernaean hydra
 64507 | Swamp:4  | Offered knowledge of Spellforged Servitor by Vehumet.
 64862 | Swamp:4  | Reached XP level 17. HP: 93/93 MP: 8/34
 64930 | Swamp:4  | Got a decaying rune of Zot
 65070 | Snake:1  | Killed Aizul
 65093 | Snake:1  | Noticed Jorgrun
 65099 | Snake:1  | Killed from afar by Jorgrun

Illustrated notes

Levels and vault maps discovered:
D:1:      mrwooster_arrival_statue, layout_rooms,
          ebering_ecumenical_altar_abandoned, chequers_serial_rivers_large_a
D:2:      layout_loops_ring, grunt_ministairs_1, hangedman_decor_push,
          hangedman_feature_mirror, minmay_misc_feat_more_columns
D:3:      layout_basic, regret_index_temple_of_mockery, demons_altar,
          nicolae_overflow_crystal_walls, kennysheep_orc_chapel, uniq_ijyb
D:4:      minmay_goblin_kobold_castle, layout_basic, fedhas_ov_isle_minmay,
          hellmonk_ghost_happy_afterlife, minmay_close_crescents,
          uniq_blork_the_orc, uniq_natasha, uniq_edmund, uniq_pikel
D:5:      layout_cave_pods, nicolae_wu_jian_immortal_techniques,
          minmay_small_thing
D:6:      layout_loops_ring, jmf_multi_god_temple, uniq_eustachio
D:7:      layout_basic, dancing_weapons_uskayaw, nemelex_altar_shiori,
          minmay_temple_entry_waves
D:8:      cheibrodos_fertilizer, layout_basic, due_lair_maze_entry_diamond,
          enter_ossuary_2, kennysheep_pointless_box
D:9:      layout_stronghold
D:10:     layout_roguey, kennysheep_mini_moat, lemuel_zombie_altar_yredelemnul,
          hiddenorc2_lemuel
D:11:     layout_long_grid, nicolae_twisting_strands, okawaru_metal_pillars_1_2,
          uniq_nergalle
D:12:     layout_roguey
D:13:     layout_basic
D:14:     layout_roguey, erik_vaults_2, serial_corexii_hall,
          corexii_hall_statues_x, corexii_hall_statues_deadend,
          corexii_hall_statues_deadend, minivault_7
D:15:     hangedman_depths_entry_civil_slaughter, layout_stronghold,
          serial_shops, nicolae_shop_trees, minmay_misc_feat_rows
Temple:   eino_wide_crystal_templ
Lair:1:   layout_layer_cave, basic_altar, lemuel_oklob_altar
Lair:2:   layout_hall_layers, serial_bayou_shore_b
Lair:3:   layout_roguey, skrybe_swamp_entry_bodies
Lair:4:   layout_misc_corridors, guppyfry_snake_entry_island
Lair:5:   layout_gridlike, infiniplex_staircase_pool, uniq_snorg
Lair:6:   wormcave, layout_misc_corridors, guppyfry_lair_end_dragon,
          slime_altar_1, chequers_serial_rivers_small_a, wad_woods_road_03,
          grunt_megastairs_2
Swamp:1:  layout_falls_marsh, nicolae_swamp_round_clearing
Swamp:2:  layout_basic_swamp, portal_ice_cave_entry_ice_statue_two, basic_altar,
          swamp_pool1
Swamp:3:  layout_basic_swamp, evilmike_swamp_ruin_house_5, hangedman_swamp_cone,
          swamp_pool3, nicolae_swamp_feature_on_the_river_bank
Swamp:4:  swamp_vile, layout_basic_swamp
Snake:1:  layout_onion, serial_shops, nicolae_shop_hallway_stairs,
          lemuel_fruit_tree, uniq_jorgrun, uniq_aizul
Orc:1:    layout_caves
Orc:2:    st_orc_congregation, layout_diamond_mine

Skill      XL: |  1  2  3  4  5  6  7  8  9 10 11 12 13 14 15 16 |
---------------+-------------------------------------------------+-----
Spellcasting   | 3 4 5 6 7 8 9 10 12 | 12.0
Stealth        | 4 5 6 |  6.0
Ice Magic      | 4 5 6 7 8 12 13 14 | 14.5
Fighting       | 1 2 3 4 6 7 8 9 10 11 | 11.8
Conjurations   | 1 2 3 5 6 7 8 |  8.0
Evocations     | 3 5 |  5.0
Earth Magic    | 3 6 8 9 10 | 10.0
Shields        | 3 5 6 7 8 10 | 10.0
Air Magic      | 5 6 |  6.0
Dodging        | |  2.6

Action                   |  1- 3 |  4- 6 |  7- 9 | 10-12 | 13-15 | 16-18 || total
-------------------------+-------+-------+-------+-------+-------+-------++-------
Melee: Dagger            |       |       |   185 |       |       |       ||   185
       Rapier            |       |       |    55 |   251 |    38 |    25 ||   369
       Punch             |       |       |     7 |     8 |       |       ||    15
 Fire: Hunting sling     |    52 |    78 |   446 |       |       |       ||   576
Throw: Stone             |     7 |       |       |       |       |       ||     7
 Cast: Freeze            |    57 |    34 |    81 |    71 |     9 |       ||   252
       Frozen Ramparts   |       |     3 |    54 |    39 |    13 |       ||   109
       Ozocubu's Armour  |       |     2 |    31 |    36 |    20 |     4 ||    93
       Hailstorm         |       |       |    23 |   348 |    31 |       ||   402
       Iron Shot         |       |       |       |    10 |   415 |    84 ||   509
       Ozocubu's Refrige |       |       |       |       |   298 |   133 ||   431
       Conjure Ball Ligh |       |       |       |       |     6 |     9 ||    15
       Freezing Cloud    |       |       |       |       |     4 |     4 ||     8
Evoke: Wand              |       |       |     9 |     7 |     5 |    11 ||    32
       Phantom mirror    |       |       |       |       |       |     1 ||     1
  Use: Scroll            |       |     2 |     2 |    19 |    10 |     7 ||    40
       Potion            |       |     1 |     4 |       |     2 |     3 ||    10
 Stab: Sleeping          |       |       |     1 |     3 |       |     1 ||     5
Armor: Robe              |     2 |     2 |    29 |       |       |       ||    33
       Steam dragon scal |       |       |    63 |   135 |    43 |    14 ||   255
Dodge: Dodged            |    22 |    18 |   254 |   343 |   156 |    37 ||   830
